 Dungeon Crawl Stone Soup version 0.30-a0-12-gd8047c6341 (webtiles) character file.

Game seed: 2772729972242411193

880 Newt the Chopper (level 7, -4/51 HPs)
             Began as a Demonspawn Gladiator on Aug 23, 2022.
             Slain by a killer bee (7 damage)
             ... on level 5 of the Dungeon.
             The game lasted 00:06:21 (3488 turns).

Newt the Chopper (Demonspawn Gladiator)             Turns: 3488, Time: 00:06:22

Health: -4/51      AC:  7    Str: 20    XL:     7   Next: 75%
Magic:  7/7        EV: 13    Int:  8    God:
Gold:   299        SH:  0    Dex: 14    Spells: 6/6 levels left

rFire   + . .      SeeInvis +    y - +4 demon trident (vamp)
rCold   . . .      Faith    .    (no shield)
rNeg    . . .      Spirit   .    k - +0 ring mail
rPois   .          Reflect  .    c - +1 helmet
rElec   .          Harm     .    x - scarf {repulsion}
rCorr   .          Rampage  .    (no gloves)
Will    .....                    (no boots)
Stlth   +.........               (no amulet)
HPRegen 0.17/turn                r - ring of see invisible
MPRegen 0.10/turn                (no ring)

@: repel missiles, unable to drink
A: repulsion field 1, demonic guardian 2, foul stench 1, demonic touch 1, fire
resistance 1, strong 1, inability to drink after injury 1
a: no special abilities


You were on level 5 of the Dungeon.
You visited 1 branch of the dungeon, and saw 5 of its levels.

You collected 299 gold pieces.

Inventory:

Hand Weapons
 a - a +0 rapier
 f - a +5 hand axe of electrocution
 y - a +4 vampiric demon trident (weapon)
Missiles
 d - 2 throwing nets (quivered)
 e - 4 javelins
 v - 3 poisoned darts
 A - 6 silver boomerangs
Armour
 b - a +0 leather armour
 c - a +1 helmet (worn)
 j - a +0 chain mail
 k - a +0 ring mail (worn)
 x - a scarf of repulsion (worn)
Jewellery
 i - an amulet of faith
 r - a ring of see invisible (left hand)
 w - the ring "Pul Rap" {MP+9 EV+4 Str+3}
   (You found it on level 4 of the Dungeon)

   [ring of evasion]

   EV:        It affects your evasion (+4).
   Str:       It affects your strength (+3).
   MP:        It affects your magic capacity (+9).
Scrolls
 g - a scroll of fog
 m - 5 scrolls of enchant armour
 B - a scroll of fear
Potions
 n - 2 potions of curing
 o - 2 potions of mutation
 q - a potion of flight
 s - a potion of might
 t - a potion of degeneration {unknown}
 u - a potion of lignification {unknown}
 z - a potion of resistance {unknown}


   Skills:
 + Level 2.3 Fighting
 - Level 2.6 Short Blades
 - Level 5.8(6.6) Axes
 - Level 4.5(6.0) Polearms
 - Level 1.7 Throwing
 - Level 2.6 Dodging
 - Level 2.0 Stealth


You had 6 spell levels left.
You didn't know any spells.
Your spell library contained the following spells:

 Spells                   Type           Power      Damage    Failure   Level
 Magic Dart               Conj           0%         1d3       58%         1
 Shock                    Conj/Air       0%         1d3       58%         1
 Call Imp                 Summ           0%         N/A       75%         2
 Mephitic Cloud           Conj/Pois/Air  0%         N/A       92%         3
 Swiftness                Air            0%         N/A       92%         3
 Airstrike                Air            0%         2d(0-16)  100%        4


Dungeon Overview and Level Annotations

Branches:
Dungeon (5/15)
 Temple: D:4-7

Altars:
Dithmenos


Innate Abilities, Weirdness & Mutations

You are surrounded by a mild repulsion field. (EV +2)
A demonic guardian rushes to your aid.
You may rarely emit foul miasma when damaged in melee.
Your touch may inflict minor irresistible damage on your foes.
Your flesh is heat resistant. (rF+)
Your muscles are strong. (Str +4, Int/Dex -1)
You occasionally lose the ability to drink potions when taking damage.


Message History

Training target 6.0 for Polearms reached!
You need to enable at least one skill for training.
You feel better.
The killer bee stings your ice devil but does no damage.
The killer bee barely misses you.
The killer bee stings you but does no damage.
The killer bee stings your ice devil.
The killer bee stings your ice devil but does no damage.
Your ice devil misses the killer bee.
Reach: y) +4 demon trident (vamp)
Press: ? - help, Dir - move target, f - killer bee
Aim: a killer bee (about 58% to evade your +4 vampiric demon trident)
You puncture the killer bee!
You punch the killer bee, but do no damage.
The killer bee is almost dead.
The killer bee stings your ice devil.
The killer bee stings your ice devil but does no damage.
The killer bee stings you but does no damage.
The killer bee closely misses your ice devil.
The killer bee stings you but does no damage.
The killer bee misses your ice devil.
Your ice devil closely misses the killer bee.
Unknown command.
You closely miss the killer bee.
The killer bee is almost dead.
The killer bee stings your ice devil. x2
The killer bee stings you but does no damage.
The killer bee closely misses your ice devil. x2
The killer bee stings you.
* * * LOW HITPOINT WARNING * * *
Your ice devil misses the killer bee.
You miss the killer bee. Your touch misses the killer bee.
The killer bee is almost dead.
The killer bee stings your ice devil but does no damage.
The killer bee barely misses your ice devil.
The killer bee completely misses you.
The killer bee stings your ice devil but does no damage. x2
The killer bee stings you!
You feel threatened and lose the ability to drink potions!
You die...

#.### #..#
##.(.. #...#
#..... .#..###
#.....#......#
#..(......#
#...# #yy.#
#4y## ##@# ###


You could see 3 killer bees and a friendly ice devil (summoned, very poisoned).

Vanquished Creatures
  A necrophage (D:4)
  A scorpion (D:4)
  Dowan (D:4)
  7 killer bees (D:5)
  A jelly (D:4)
  2 hounds
  An orc wizard (D:5)
  3 adders
  4 gnolls (D:5)
  An ufetubus (D:4)
  2 dart slugs (D:2)
  4 orcs (D:5)
  3 endoplasms
  2 giant cockroaches
  7 goblins
  12 jackals
  3 kobolds
  5 quokkas
  6 ball pythons
  8 bats
  3 frilled lizards
  3 rats
80 creatures vanquished.

Vanquished Creatures (collateral kills)
  Duvessa (D:4)
  A killer bee (D:5)
  A frilled lizard (D:2)
3 creatures vanquished.

Vanquished Creatures (others)
  A plant (D:1)
1 creature vanquished.

Grand Total: 84 creatures vanquished

Notes
Turn   | Place    | Note
-------+----------+-------------------------------------------
     0 | D:1      | Newt the Demonspawn Gladiator began the quest for the Orb.
     0 | D:1      | Reached XP level 1. HP: 16/16 MP: 1/1
    32 | D:1      | Reached skill level 1 in Stealth
   147 | D:1      | Gained mutation: A weak demonic guardian rushes to your
                  | aid. [demonic ancestry]
   147 | D:1      | Reached XP level 2. HP: 21/22 MP: 2/2
   265 | D:1      | Found a faded altar of an unknown god.
   431 | D:1      | Reached skill level 1 in Axes
   734 | D:2      | Gained mutation: You are surrounded by a mild repulsion
                  | field. (EV +2) [demonic ancestry]
   734 | D:2      | Reached XP level 3. HP: 27/27 MP: 3/3
  1689 | D:3      | Reached skill level 2 in Axes
  1897 | D:3      | Gained mutation: Your touch may inflict minor irresistible
                  | damage on your foes. [demonic ancestry]
  1897 | D:3      | Reached XP level 4. HP: 33/33 MP: 4/4
  2202 | D:4      | Gained mutation: You are clumsy. (Dex -2) [potion of
                  | mutation]
  2202 | D:4      | Gained mutation: Your mind is acute. (Int +4, Str/Dex -1)
                  | [potion of mutation]
  2202 | D:4      | Lost mutation: Your mind is acute. (Int +4, Str/Dex -1)
                  | [potion of mutation]
  2202 | D:4      | Gained mutation: You have large cloven feet. [potion of
                  | mutation]
  2203 | D:4      | Lost mutation: You are clumsy. (Dex -2) [potion of
                  | mutation]
  2203 | D:4      | Lost mutation: You have large cloven feet. [potion of
                  | mutation]
  2203 | D:4      | Gained mutation: Your body sometimes deteriorates upon
                  | taking damage. [potion of mutation]
  2204 | D:4      | Lost mutation: Your body sometimes deteriorates upon taking
                  | damage. [potion of mutation]
  2204 | D:4      | Gained mutation: Your muscles are strong. (Str +4, Int/Dex
                  | -1) [potion of mutation]
  2204 | D:4      | Gained mutation: You occasionally lose the ability to drink
                  | potions when taking damage. [potion of mutation]
  2204 | D:4      | Gained mutation: Your flesh is heat resistant. (rF+)
                  | [potion of mutation]
  2213 | D:4      | Found a shadowy altar of Dithmenos.
  2298 | D:4      | Noticed a scorpion
  2303 | D:4      | Killed a scorpion
  2304 | D:4      | Reached skill level 3 in Axes
  2304 | D:4      | Reached XP level 5. HP: 38/38 MP: 5/5
  2306 | D:4      | Noticed Duvessa
  2306 | D:4      | Noticed Dowan
  2316 | D:4      | Killed Duvessa
  2317 | D:4      | Reached skill level 4 in Axes
  2322 | D:4      | Killed Dowan
  2323 | D:4      | Reached skill level 5 in Axes
  2323 | D:4      | Gained mutation: You may rarely emit foul miasma when
                  | damaged in melee. [demonic ancestry]
  2323 | D:4      | Reached XP level 6. HP: 33/44 MP: 6/6
  2722 | D:4      | Identified the ring "Pul Rap" {MP+9 EV+4 Str+3}
  3188 | D:5      | Entered Level 5 of the Dungeon
  3195 | D:5      | Reached skill level 1 in Polearms
  3229 | D:5      | Gained mutation: A demonic guardian rushes to your aid.
                  | [demonic ancestry]
  3229 | D:5      | Reached XP level 7. HP: 37/50 MP: 7/7
  3484 | D:5      | HP: 1/50 [killer bee (5)]
  3488 | D:5      | Slain by a killer bee

Illustrated notes

Levels and vault maps discovered:
D:1:      spicycebolla_arrival_clurvy, layout_rooms,
          nicolae_ecumenical_snake_handling, chequers_serial_rivers_large_a
D:2:      layout_basic, kennysheep_generic_room_10
D:3:      layout_loops_ring
D:4:      layout_basic, lemuel_crystal_altar, uniq_duvessa
D:5:      layout_cave_pools, lemuel_temple_firewalk_b

Skill      XL: |  1  2  3  4  5  6  7 |
---------------+----------------------+-----
Stealth        | 1 2 |  2.0
Axes           | 1 2 3 5 |  5.8
Polearms       | 1 4 |  4.5
Fighting       | |  2.3
Short Blades   | |  2.6
Throwing       | |  1.7
Dodging        | |  2.6

Action                   |  1- 3 |  4- 6 |  7- 9 || total
-------------------------+-------+-------+-------++-------
Melee: Hand axe          |    79 |    43 |       ||   122
       Touch             |       |    10 |     4 ||    14
       Demon trident     |       |    25 |    41 ||    66
       Punch             |       |       |     1 ||     1
Throw: Javelin           |       |     2 |       ||     2
       Throwing net      |       |     1 |       ||     1
       Dart              |       |       |     2 ||     2
  Use: Scroll            |     8 |     2 |     6 ||    16
       Potion            |       |     4 |     2 ||     6
 Stab: Sleeping          |     2 |     1 |       ||     3
Armor: Leather armour    |    24 |       |       ||    24
       Ring mail         |    13 |    18 |    21 ||    52
Dodge: Dodged            |    60 |    40 |    41 ||   141

Table legend: (Time is in decaauts)
 A = Elapsed time spent in this place.
 B = Non-inter-level travel time spent in this place.
 C = Inter-level travel time spent in this place.
 D = Time resting spent in this place.
 E = Time spent auto-exploring this place.
 F = Levels seen in this place.
 G = Mean time per level.
                   A        B        C        D        E       F      G
               +--------+--------+--------+--------+--------+-----+--------+
         Total |   3521 |   3396 |    125 |    159 |   2648 |   5 |  704.2 |
       Dungeon |   3521 |   3396 |    125 |    159 |   2648 |   5 |  704.2 |
               +--------+--------+--------+--------+--------+-----+--------+

Top non-repeatable levels by time:
     D:4: 1000 daAuts
     D:2: 770 daAuts
     D:3: 742 daAuts
     D:1: 703 daAuts
     D:5: 303 daAuts
